 Dungeon Crawl Stone Soup version 0.31-a0-618-g7ca08c1ff9 (webtiles) character file.

Game seed: 13393989322903021307

112 Dittersdorf the Covered (level 4, 0/29 HPs)
             Began as a Gargoyle Fighter on Aug 22, 2023.
             Was an Initiate of Okawaru.
             Slain by Robin
             ... wielding a +0 mace
              (3 damage)
             ... on level 3 of the Dungeon.
             The game lasted 00:02:03 (1970 turns).

Dittersdorf the Covered (Gargoyle Fighter)          Turns: 1970, Time: 00:02:03

Health: 0/29       AC: 15    Str: 22    XL:     4   Next: 95%
Magic:  13/13      EV:  9    Int:  8    God:    Okawaru [......]
Gold:   109        SH:  4    Dex:  9    Spells: 3/3 levels left

rFire   . . .        a - +0 flail
rCold   . . .        c - +0 buckler
rNeg    + . .        b - +0 scale mail
rPois   ∞            (no helmet)
rElec   +            f - +2 cloak
rCorr   .            k - +0 pair of gloves
SInv    .            (no boots)
Will    .....        (no amulet) Stlth
                     j - ring of magical power
HPRegen 0.24/turn    (no ring)
MPRegen 0.13/turn

%: no passive effects
@: no status effects
A: sickness immunity, AC +3, negative energy resistance 1, electricity
resistance, torment resistance 1, petrification resistance
a: Renounce Religion


You were on level 3 of the Dungeon.
You worshipped Okawaru.
Okawaru was noncommittal.
You visited 1 branch of the dungeon, and saw 3 of its levels.

You collected 109 gold pieces.

Inventory:

Hand Weapons
 a - a +0 flail (weapon)
Armour
 b - a +0 scale mail (worn)
 c - a +0 buckler (worn)
 f - a +2 cloak (worn)
 k - a +0 pair of gloves (worn)
Jewellery
 j - a ring of magical power (left hand)
Scrolls
 e - a scroll of fear {unknown}
 h - a scroll of blinking {unknown}
 i - a scroll of noise {unknown}
 m - a scroll of teleportation {unknown}
 r - a scroll of enchant weapon {unknown}
 s - a scroll of summoning {unknown}
Potions
 d - a potion of might
 g - a potion of curing {unknown}
 l - 3 potions of haste {unknown}
 n - a potion of cancellation {unknown}
 o - a potion of heal wounds {unknown}
 p - 2 potions of ambrosia {unknown}
 q - a potion of enlightenment {unknown}


   Skills:
 + Level 4.1 Fighting
 + Level 3.0 Maces & Flails
 + Level 4.1 Armour
 + Level 4.1 Shields


You had 3 spell levels left.
You didn't know any spells.
Your spell library was empty.

Dungeon Overview and Level Annotations

Branches:
Dungeon (3/15)

Altars:
Okawaru

Shops:
D:1 ?

Annotations:
D:3 Robin


Innate Abilities, Weirdness & Mutations

You are immune to sickness and miasma.
Your stone body is resilient. (AC +3)
You are immune to poison.
You resist negative energy. (rN+)
You are resistant to electric shocks. (rElec)
You are resistant to unholy torment.
You are immune to petrification.


Message History

You are too injured to fight recklessly!
You are too injured to fight recklessly!
You are too injured to fight recklessly!
You are too injured to fight recklessly!
You are too injured to fight recklessly!
You are too injured to fight recklessly!
You are too injured to fight recklessly!
You are too injured to fight recklessly!
You are too injured to fight recklessly!
You are too injured to fight recklessly!
You are too injured to fight recklessly!
You are too injured to fight recklessly!
You are too injured to fight recklessly!
You are too injured to fight recklessly!
You are too injured to fight recklessly!
You are too injured to fight recklessly!
The goblin hits you but does no damage. Robin throws the goblin at you!
The goblin hits you but does no damage. The goblin attacks as it pursues you!
The goblin hits you but does no damage. The goblin attacks as it pursues you!
The goblin hits you with a +0 dagger.
* * * LOW HITPOINT WARNING * * *
Robin throws the goblin at you!
You closely miss the goblin.
The hobgoblin no longer looks unusually strong.
The goblin no longer looks unusually strong.
The goblin barely misses you.
You sock the goblin!
You kill the goblin!
Okawaru accepts your kill. Robin throws the goblin at you!
The goblin unwields a +0 club.
The goblin wields a +0 sling.
The goblin shoots a sling bullet.
The sling bullet barely misses you. The goblin hits you but does no damage.
Robin hits you but does no damage. The goblin hits you with a +0 club.
* * * LOW HITPOINT WARNING * * *
You closely miss the goblin. The bat hits you but does no damage.
You block the hobgoblin's attack. The bat hits you but does no damage.
Robin hits you with a +0 mace.
You die...
Robin calls out, "Let's celebrate!
Time for a feast!"

#.# #.# #.# ###.##
....### #...g#
####).#g#########
#..)..gg@g......#
gbg..##).#b#######.#
.## ##...#g# #.#
#^$....# #.#
##...#########.###
.......# #........#
#####.## #.####.#.#
#.# #.#.# #+ ###.#.#


You could see Robin, 2 hobgoblins, 3 goblins and a bat.

Vanquished Creatures
  An orc priest (D:2)
  Jessica (D:2)
  4 orcs
  7 ball pythons
  2 bats (D:1)
  4 endoplasms
  2 giant cockroaches
  11 goblins
  6 hobgoblins
  A quokka (D:1)
  2 frilled lizards
  4 kobolds (D:1)
  4 rats
49 creatures vanquished.

Notes
Turn   | Place    | Note
-------+----------+-------------------------------------------
     0 | D:1      | Dittersdorf the Gargoyle Fighter began the quest for the
                  | Orb.
     0 | D:1      | Reached XP level 1. HP: 14/14 MP: 1/1
   156 | D:1      | Found Ehiyheink's Magic Scroll Emporium.
   223 | D:1      | Reached XP level 2. HP: 19/19 MP: 2/2
   790 | D:1      | Reached XP level 3. HP: 23/23 MP: 3/3
  1452 | D:2      | Noticed Jessica
  1459 | D:2      | Killed Jessica
  1460 | D:2      | Reached XP level 4. HP: 29/29 MP: 4/4
  1861 | D:3      | Found an iron altar of Okawaru.
  1868 | D:3      | Became a worshipper of Warmaster Okawaru
  1947 | D:3      | Noticed Robin
  1970 | D:3      | Slain by Robin

Illustrated notes

Levels and vault maps discovered:
D:1:      amcnicky_arrival_feature_with_door, layout_basic, serial_shops,
          nicolae_square_shop, minivault_25
D:2:      layout_basic, minivault_25, uniq_jessica
D:3:      layout_loops_corners, worldfamousw_hep_ancestral_shrine,
          okawaru_gym_becter, uniq_robin

Skill      XL: |  1  2  3  4 |
---------------+-------------+-----
Fighting       | 4 |  4.1
Armour         | 4 |  4.1
Shields        | 4 |  4.1
Maces & Flails | 3 |  3.0

Action                     |  1- 3 |  4- 6 || total
---------------------------+-------+-------++-------
  Melee: Flail             |   165 |    47 ||   212
 Armour: Scale mail        |    86 |    55 ||   141
  Dodge: Dodged            |    82 |    29 ||   111
  Block: Buckler           |    40 |    16 ||    56

Table legend: (Time is in decaauts)
 A = Elapsed time spent in this place.
 B = Non-inter-level travel time spent in this place.
 C = Inter-level travel time spent in this place.
 D = Time resting spent in this place.
 E = Time spent auto-exploring this place.
 F = Levels seen in this place.
 G = Mean time per level.
                   A        B        C        D        E       F      G
               +--------+--------+--------+--------+--------+-----+--------+
         Total |   2038 |   1967 |     71 |     55 |   1443 |   3 |  679.3 |
       Dungeon |   2038 |   1967 |     71 |     55 |   1443 |   3 |  679.3 |
               +--------+--------+--------+--------+--------+-----+--------+

Top non-repeatable levels by time:
     D:1: 1049 daAuts
     D:2: 824 daAuts
     D:3: 165 daAuts
